 Dungeon Crawl Stone Soup version 0.19-a0-892-g8a19e52 (webtiles) character file.

298 matakusis the Ducker (level 6, 0/48 HPs)
             Began as a Demonspawn Gladiator on July 4, 2016.
             Succumbed to Fenrir042's ghost's poison
             ... on level 4 of the Dungeon.
             The game lasted 00:11:18 (2631 turns).

matakusis the Ducker (Demonspawn Gladiator)         Turns: 2631, Time: 00:11:19

Health: 0/48       AC:  6    Str: 16    XL:     6   Next: 13%
Magic:  6/6        EV: 14    Int:  9    God:
Gold:   199        SH:  0    Dex: 15    Spells: 0 memorised, 5 levels left

rFire  . . .     SeeInvis .     a - +1 long sword
rCold  + . .     Gourm    .     b - +1 leather armour
rNeg   . . .     Faith    .     (no shield)
rPois  .         Spirit   .     (helmet restricted)
rElec  .         Dismiss  .     o - +0 cloak
rCorr  .         Reflect  .     (no gloves)
SustAt .         Harm     .     (no boots)
MR     .....                    (no amulet)
Stlth  +.........               (no ring)
                                (no ring)

@: lethally poisoned (0 -> -24), very slightly contaminated, hasted, glowing,
very quick, not resistant to hostile enchantments, very unstealthy
A: horns 1, rugged brown scales 1, cold resistance 1, freezing cloud immunity
a: no special abilities


You were on level 4 of the Dungeon.
You were very hungry.

You visited 1 branch of the dungeon, and saw 4 of its levels.

You collected 199 gold pieces.

Inventory:

Hand Weapons
 a - a +1 long sword (weapon)
Missiles
 d - 3 throwing nets (quivered)
Armour
 b - a +1 leather armour (worn)
 o - a +0 cloak (worn)
Scrolls
 e - 2 scrolls of enchant armour
 j - 4 scrolls of identify
 p - a scroll of remove curse
Potions
 g - a potion of brilliance
Comestibles
 f - 2 bread rations
 l - 2 royal jellies
 s - 2 meat rations


   Skills:
 * Level 3.4 Fighting
 + Level 3.8 Long Blades
 - Level 1.7 Throwing
 * Level 5.0 Dodging


You had 5 spell levels left.
You didn't know any spells.

Dungeon Overview and Level Annotations

Branches:
Dungeon (4/15)
 Temple: D:4-7

Altars:

Annotations:
D:4 Fenrir042's ghost, amateur SpEn


Innate Abilities, Weirdness & Mutations

You have a pair of small horns on your head.
You are partially covered in rugged brown scales. (AC +1, +3% HP)
Your flesh is cold resistant. (rC+)
You are immune to freezing clouds.


Message History

You feel very sick.
Fenrir042's ghost hits you but does no damage.
You miss Fenrir042's ghost.
Fenrir042's ghost is heavily damaged.
* * * LOW HITPOINT WARNING * * *
You feel sick. Fenrir042's ghost closely misses you.
Unknown command.
You miss Fenrir042's ghost. Your headbutt misses Fenrir042's ghost.
Fenrir042's ghost is heavily damaged.
* * * LOW HITPOINT WARNING * * *
You feel sick. Fenrir042's ghost barely misses you.
You riposte.
You closely miss Fenrir042's ghost.
Fenrir042's ghost is heavily damaged.
You miss Fenrir042's ghost.
Fenrir042's ghost is heavily damaged.
* * * LOW HITPOINT WARNING * * *
You feel sick.
You closely miss Fenrir042's ghost. Your headbutt misses Fenrir042's ghost.
Fenrir042's ghost is heavily damaged.
You die...

#.# #.# ..# ... #. ###.##
#.##..$. #.#.##.#.#
#.#.##.#.# #.#.##.#@#
#.#.##.#W# #> #.......g# #!
##.....### #. #..#### # #.#
#.<# #.#. ##.## .. #.W#
#.#.##...###.#
######..####..g....)...##.#
.............#.#........#.#


You could see Fenrir042's ghost and a gnoll.

Vanquished Creatures
  A vampire bat (D:3)
  An orc wizard (D:3)
  Jessica (D:3)
  An iguana (D:3)
  An adder (D:2)
  A worm (D:2)
  4 dart slugs
  3 fire bats (D:3)
  3 giant geckos (D:3)
  5 orcs (D:3)
  2 spectral bats (D:3)
  A ball python (D:3)
  3 bat skeletons (D:3)
  A bat zombie (D:3)
  5 giant cockroaches
  7 goblins
  7 hobgoblins
  7 jackals
  13 bats
  A bat simulacrum (D:3)
  3 giant newts
  5 kobolds
  5 rats
81 creatures vanquished.

Notes
Turn   | Place    | Note
-------+----------+-------------------------------------------
     0 | D:1      | matakusis the Demonspawn Gladiator began the quest for the Orb.
     0 | D:1      | Reached XP level 1. HP: 16/16 MP: 1/1
   162 | D:1      | Reached skill level 3 in Dodging
   257 | D:1      | Gained mutation: Your flesh is cold resistant. (rC+) [demonic ancestry]
   257 | D:1      | Reached XP level 2. HP: 22/22 MP: 2/2
   683 | D:2      | Reached XP level 3. HP: 16/27 MP: 3/3
  1277 | D:3      | Gained mutation: You are partially covered in rugged brown scales. (AC +1, +3% HP) [demonic ancestry]
  1277 | D:3      | Reached XP level 4. HP: 22/35 MP: 4/4
  1278 | D:3      | Noticed Jessica
  1288 | D:3      | Killed Jessica
  1290 | D:3      | Reached skill level 4 in Dodging
  1607 | D:3      | Gained mutation: You are immune to freezing clouds. [demonic ancestry]
  1607 | D:3      | Reached XP level 5. HP: 38/42 MP: 5/5
  2172 | D:3      | Gained mutation: You have a pair of small horns on your head. [demonic ancestry]
  2172 | D:3      | Reached XP level 6. HP: 48/48 MP: 6/6
  2175 | D:3      | Reached skill level 5 in Dodging
  2326 | D:4      | Noticed Fenrir042's ghost (amateur SpEn)
  2630 | D:4      | HP: 1/48 [poisoned by Fenrir042's ghost]
  2631 | D:4      | Succumbed to Fenrir042's ghost's poison

Vault maps used:
D:1:      lightli_arrival_lavapool
D:3:      goddamned_bats, uniq_jessica

Skill      XL: |  1  2  3  4  5  6 |
---------------+-------------------+-----
Dodging        | 3 4 5 |  5.0
Long Blades    | 3 |  3.8
Fighting       | 3 |  3.4
Throwing       | |  1.7

Action                   |  1- 3 |  4- 6 || total
-------------------------+-------+-------++-------
Melee: Long sword        |   121 |   172 ||   293
       Headbutt          |       |     4 ||     4
  Use: Scroll            |     7 |     2 ||     9
       Potion            |     3 |     4 ||     7
 Stab: Sleeping          |     1 |     1 ||     2
  Eat: Chunk             |     2 |     4 ||     6
Armor: Leather armour    |    34 |    59 ||    93
Dodge: Dodged            |    70 |   124 ||   194
